 Dungeon Crawl Stone Soup version 0.32-a0-868-g153ae1a8d6 (webtiles) character file.

Game seed: 12043005589687897939

314 Shayle the Ducker (level 6, -7/41 HPs)
             Began as a Coglin Alchemist on Mar 28, 2024.
             Was an Initiate of Beogh.
             Mangled by an ogre
             ... wielding a +0 giant club
              (19 damage)
             ... on level 5 of the Dungeon.
             The game lasted 00:09:58 (3104 turns).

Shayle the Ducker (Coglin Alchemist)                Turns: 3104, Time: 00:09:58

Health: -7/41      AC:  4    Str:  9    XL:     6   Next: 43%
Magic:  11/11      EV: 11    Int: 16    God:    Beogh [......]
Gold:   256        SH:  0    Dex: 14    Spells: 10/11 levels left

rFire   . . .        r - +1 falchion (elec) {Yuphin}
rCold   . . .        h - +0 spear {Cipactli}
rNeg    . . .        d - +0 leather armour
rPois   .            (no helmet)
rElec   .            (no cloak)
rCorr   .            s - +0 pair of gloves
SInv    .            (no boots)
Will    .....        (amulet unavailable)
Stlth   ++           (ring unavailable)
HPRegen 0.26/turn    (ring unavailable)
MPRegen 0.12/turn    (no gizmo)

%: no passive effects
@: revving
A: off-hand wielding, slow wielding, warmup strikes, no jewellery
a: Invent Gizmo, Renounce Religion


You were on level 5 of the Dungeon.
You worshipped Beogh.
Beogh was noncommittal.
You visited 1 branch of the dungeon, and saw 5 of its levels.

You collected 256 gold pieces.

Inventory:

Hand Weapons
 c - a +0 mace {Azuma}
 h - a +0 spear (offhand) {Cipactli}
 r - a +1 falchion of electrocution (weapon) {Yuphin}
 w - a +0 morningstar
Armour
 a - a +0 robe
 d - a +0 leather armour (worn)
 s - a +0 pair of gloves (worn)
Scrolls
 f - 2 scrolls of fog {unknown}
 g - a scroll of identify {unknown}
 i - 3 scrolls of teleportation {unknown}
 k - a scroll of blinking {unknown}
 o - 3 scrolls of brand weapon {unknown}
 p - a scroll of revelation {unknown}
 y - 2 scrolls of amnesia {unknown}
 z - a scroll of poison {unknown}
 A - a scroll of enchant armour {unknown}
Potions
 b - a potion of magic
 e - a potion of might {unknown}
 j - a potion of lignification {unknown}
 l - 2 potions of curing
 m - 3 potions of enlightenment {unknown}
 n - a potion of berserk rage {unknown}
 q - a potion of cancellation {unknown}
 t - a potion of invisibility {unknown}
 u - a potion of brilliance {unknown}
 v - 2 potions of heal wounds {unknown}
 x - a potion of degeneration {unknown}


   Skills:
 + Level 3.7 Dodging
 - Level 1.5 Stealth
 + Level 3.3 Spellcasting
 - Level 1.2 Conjurations
 + Level 2.7 Air Magic
 - Level 3.5 Alchemy


You had 10 spell levels left.
You knew the following spells:

 Your Spells              Type           Power      Damage    Failure   Level
a - Sting                 Conj/Alch      40%        1d5       10%         1

Your spell library contained the following spells:

 Spells                   Type           Power      Damage    Failure   Level
 Mercury Vapours          Alch/Air       24%        N/A       11%         2
 Static Discharge         Conj/Air       18%        3-4/arc   17%         2
 Freeze                   Ice            8%         1d3       26%         1
 Mephitic Cloud           Conj/Alch/Air  10%        N/A       26%         3
 Call Imp                 Summ           4%         N/A       36%         2
 Sublimation of Blood     Necr           2%         N/A       36%         2
 Hailstorm                Conj/Ice       4%         3d5       52%         3
 Olgreb's Toxic Radiance  Alch           13%        N/A       52%         4
 Frozen Ramparts          Ice            4%         1d1       58%         3
 Inner Flame              Hex/Fire       2%         N/A       58%         3
 Tukima's Dance           Hex            2%         N/A       58%         3
 Airstrike                Air            5%         2d(1-17)  63%         4
 Sticky Flame             Fire/Alch      8%         2d4       77%         4
 Summon Lightning Spire   Summ/Air       7%         N/A       82%         4
 Flame Wave               Conj/Fire      4%         2d5       89%         4
 Iskenderun's Mystic Bla Conj/Tloc 4%             2d3        (+2d1     89%         4
 Dimensional Bullseye     Hex/Tloc       1%         N/A       94%         4
 Summon Hydra             Summ           1%         N/A       100%        7


Dungeon Overview and Level Annotations

Branches:
Dungeon (5/15)
 Temple: D:4-7

Altars:
Elyvilon
Gozag
Qazlal
Ru
Vehumet
Zin

Shops:
D:5 *

Annotations:
D:3 1 runed translucent door, osoart's ghost, amateur DgSh


Innate Abilities, Weirdness & Mutations

You can wield a second weapon in your off-hand.
It takes a long time for you to wield or remove held weapons.
Your first few attacks do less damage.
You cannot equip rings or amulets.


Message History

The quokka barely misses the orc priest.
An orc comes into view. It is wielding a +0 dagger.
The orc shouts!
You hear a shout!
The orc priest misses the quokka.
The quokka closely misses the orc priest.
The quokka bites the orc priest.
The orc priest misses the quokka.
An ogre comes into view. It is wielding a +0 giant club.
You catch the helpless quokka completely off-guard!
You hit the quokka with your +1 falchion of electrocution.
The quokka is almost dead.
You barely miss the quokka with your +0 spear.
The quokka bites you.
The orc priest barely misses the quokka.
The quokka bites you but does no damage.
The orc priest hits the quokka with a +0 hand axe.
The quokka dies!
The orc priest goes down the stairs.
You hit the orc but do no damage.
You closely miss the orc with your +1 falchion of electrocution.
The orc hits you with a +0 dagger. The orc hits you but does no damage.
You closely miss the orc with your +0 spear.
You hit the orc with your +1 falchion of electrocution.
The orc closely misses you.
You hit the orc but do no damage.
The orc is severely wounded.
You hit the orc but do no damage. The orc hits you but does no damage.
You hit the orc with your +1 falchion of electrocution.
You kill the orc!
Beogh accepts your kill.
The ogre hits you with a +0 giant club!!
Ouch! That really hurt!
* * * LOW HITPOINT WARNING * * *
Unknown command.
Okay, then.
Okay, then.
You aren't carrying any items that you can evoke.
Unknown command.
It was a potion of curing.
You feel better.
The ogre hits you with a +0 giant club!!
You die...

##...###...#
#..........#
#..........#
#..........#
############+#####'##
....................#
.....>†.............#
............†.....[.#
.......)@...........#
.......O..<.........#
##########+##########


You could see an ogre.

Vanquished Creatures
  A phantom (D:4)
  A howler monkey (D:5)
  2 hounds (D:4)
  Jessica (D:3)
  Terence (D:3)
  2 adders
  A dart slug (D:1)
  9 orcs
  6 endoplasms
  7 giant cockroaches
  4 goblins
  8 hobgoblins
  2 jackals (D:3)
  2 kobolds
  3 quokkas
  A ball python (D:4)
  3 frilled lizards (D:2)
  8 rats
62 creatures vanquished.

Vanquished Creatures (others)
  A quokka (D:5)
1 creature vanquished.

Grand Total: 63 creatures vanquished

Notes
Turn   | Place    | Note
-------+----------+-------------------------------------------
     0 | D:1      | Shayle the Coglin Alchemist began the quest for the Orb.
     0 | D:1      | Reached XP level 1. HP: 13/13 MP: 3/3
   107 | D:1      | Reached skill level 1 in Conjurations
   196 | D:1      | Reached XP level 2. HP: 19/19 MP: 1/4
   867 | D:2      | Reached XP level 3. HP: 10/24 MP: 6/6
  1538 | D:3      | Noticed Terence
  1570 | D:3      | Noticed Jessica
  1572 | D:3      | Found a runed translucent door.
  1575 | D:3      | Killed Jessica
  1576 | D:3      | Reached skill level 1 in Air Magic
  1576 | D:3      | Reached XP level 4. HP: 19/30 MP: 4/7
  1576 | D:3      | Noticed osoart's ghost (amateur DgSh)
  1645 | D:3      | Killed Terence
  1855 | D:3      | Found a radiant altar of Vehumet.
  1991 | D:3      | Upgraded the game from 0.32-a0-859-gb0a091d592 to
                  | 0.32-a0-868-g153ae1a8d6
  2227 | D:4      | Reached XP level 5. HP: 32/35 MP: 9/9
  2272 | D:4      | Found a stormy altar of Qazlal.
  2272 | D:4      | Found a white marble altar of Elyvilon.
  2272 | D:4      | Found an opulent altar of Gozag.
  2442 | D:4      | Noticed a phantom
  2454 | D:4      | Killed a phantom
  2609 | D:4      | Reached XP level 6. HP: 38/41 MP: 10/10
  2978 | D:5      | Entered Level 5 of the Dungeon
  2988 | D:5      | Found Zin's Purification Station.
  2994 | D:5      | Found a glowing silver altar of Zin.
  3036 | D:5      | Found a sacrificial altar of Ru.
  3093 | D:5      | Became a worshipper of Beogh the Shepherd
  3104 | D:5      | Mangled by an ogre

Illustrated notes

Levels and vault maps discovered:
D:1:      dpeg_arrival_tiny_a, layout_loops_ring, minmay_misc_feat_roman
D:2:      layout_loops_cross, lightli_corner_chamber
D:3:      layout_rooms, mainiacjoe_overflow_alcove_2, gammafunk_ghost_grave,
          hex_large, uniq_jessica, uniq_terence
D:4:      layout_loops_cross, gammafunk_temple_overflow_claw,
          kennysheep_big_empty_room, chequers_jeans
D:5:      layout_gridville, general_overflow_altar, zin_purify, serial_shops,
          shop, water_maze_lemuel

Skill      XL: |  1  2  3  4  5 |
---------------+----------------+-----
Conjurations   | 1 |  1.2
Dodging        | 2 3 |  3.7
Spellcasting   | 2 3 |  3.3
Air Magic      | 1 2 |  2.7
Stealth        | |  1.5
Alchemy        | |  3.5

Action                     |  1- 3 |  4- 6 || total
---------------------------+-------+-------++-------
  Melee: Mace              |    75 |     2 ||    77
         Spear             |    50 |    81 ||   131
         Falchion          |       |    85 ||    85
   Cast: Sting             |     9 |     4 ||    13
 Invoke: Convert to Beogh  |       |     1 ||     1
    Use: Potion            |       |     1 ||     1
   Stab: Sleeping          |     2 |     1 ||     3
         Distracted        |       |     1 ||     1
 Armour: Leather armour    |    47 |    69 ||   116
  Dodge: Dodged            |    44 |    58 ||   102

Table legend: (Time is in decaauts)
 A = Elapsed time spent in this place.
 B = Non-inter-level travel time spent in this place.
 C = Inter-level travel time spent in this place.
 D = Time resting spent in this place.
 E = Time spent auto-exploring this place.
 F = Levels seen in this place.
 G = Mean time per level.
                   A        B        C        D        E       F      G
               +--------+--------+--------+--------+--------+-----+--------+
         Total |   3145 |   3072 |     73 |    240 |   1979 |   5 |  629.0 |
       Dungeon |   3145 |   3072 |     73 |    240 |   1979 |   5 |  629.0 |
               +--------+--------+--------+--------+--------+-----+--------+

Top non-repeatable levels by time:
     D:1: 874 daAuts
     D:4: 833 daAuts
     D:2: 701 daAuts
     D:3: 606 daAuts
     D:5: 129 daAuts
